 Dungeon Crawl Stone Soup version 0.19.4-8-ga85b6b9 (webtiles) character file.

67 LORDOFBUTT the Sneak (level 4, 0/29 HPs)
             Began as an Octopode Assassin on Feb 12, 2017.
             Was an Initiate of Gozag.
             Slain by baldghoti's ghost (12 damage)
             ... on level 3 of the Dungeon.
             The game lasted 00:01:36 (1813 turns).

LORDOFBUTT the Sneak (Octopode Assassin)            Turns: 1813, Time: 00:01:36

Health: 0/29       AC:  1    Str: 15    XL:     4   Next: 18%
Magic:  4/4        EV: 18    Int: 18    God:    Gozag
Gold:   85         SH:  0    Dex: 22    Spells: 0 memorised, 3 levels left

rFire  + . .     SeeInvis .     a - +2 dagger
rCold  + + .     Gourm    .     (no shield)
rNeg   . . .     Faith    .     (helmet restricted)
rPois  +         Spirit   .     (no amulet)
rElec  +         Reflect  .     i - ring of protection from cold
rCorr  +         Harm     .     p - ring of flight
MR     .....                    v - +3 ring of dexterity
Stlth  ++++++....               (no ring)
                                (no ring)
                                (no ring)
                                (no ring)
                                (no ring)

@: mighty, brilliant, agile, resistant, very slightly contaminated, hasted, very
quick
A: almost no armour, stealthy swim, amphibious, 8 rings, constrict 8, camouflage
1, gelatinous body 1
a: Potion Petition, Call Merchant, Bribe Branch, Renounce Religion, Evoke Flight


You were on level 3 of the Dungeon.
You worshipped Gozag.
Gozag was noncommittal.
You were not hungry.

You visited 1 branch of the dungeon, and saw 3 of its levels.

You collected 94 gold pieces.
You paid 9 gold pieces to Gozag.

Inventory:

Hand Weapons
 a - a +2 dagger (weapon)
 b - a +0 blowgun
Missiles
 c - 39 poisoned needles
 d - 2 curare-tipped needles
 g - 3 needles of sleeping
Jewellery
 i - a ring of protection from cold (left tentacle)
 p - a ring of flight (right tentacle)
 v - a +3 ring of dexterity (on tentacle)
Scrolls
 e - 3 scrolls of identify {unknown}
 l - 2 scrolls of recharging {unknown}
 m - 2 scrolls of remove curse {unknown}
 q - 2 scrolls of magic mapping {unknown}
 t - a scroll of amnesia {unknown}
 w - a scroll of teleportation {unknown}
 x - a scroll of enchant weapon {unknown}
Potions
 h - a potion of beneficial mutation {unknown}
 j - 2 potions of might {unknown}
 n - a potion of degeneration {unknown}
 o - 3 potions of heal wounds {unknown}
 r - 2 potions of curing {unknown}
 s - a potion of lignification {unknown}
 u - a potion of cancellation {unknown}
Comestibles
 f - a bread ration
 k - 3 fruits


   Skills:
 - Level 2.0 Fighting
 - Level 2.0 Short Blades
 - Level 2.0 Throwing
 - Level 1.0 Dodging
 + Level 7.7 Stealth


You had 3 spell levels left.
You didn't know any spells.

Dungeon Overview and Level Annotations

Branches:
Dungeon (3/15)

Altars:
Gozag
Kikubaaqudgha

Annotations:
D:3 baldghoti's ghost, amateur MiBe


Innate Abilities, Weirdness & Mutations

You cannot wear most types of armour.
You are very stealthy in the water. (Stealth+)
You are amphibious.
You can wear up to eight rings at the same time.
You can use your tentacles to constrict eight enemies at once.
Your skin changes colour to match your surroundings (Stealth+).
Your rubbery body absorbs attacks. (AC +1, EV +1)


Message History

[a] - 0 gold - invisibility and agility [b] - 0 gold - flight, agility and invisibility [c] - 0 gold - haste, resistance, might, agility and brilliance Purchase which effect?
You feel yourself speed up.
You feel protected.
You feel very mighty all of a sudden.
You feel agile all of a sudden.
You feel clever all of a sudden.
Baldghoti's ghost yells, "Who would have thought, even in death it is a pleasure to sever!"
Baldghoti's ghost barely misses you.
You are very lightly contaminated with residual magic.
You barely miss baldghoti's ghost. You squeeze baldghoti's ghost.
Baldghoti's ghost is lightly damaged.
Baldghoti's ghost hits you!
You barely miss baldghoti's ghost. Your squeeze misses baldghoti's ghost.
Baldghoti's ghost is lightly damaged.
You hit baldghoti's ghost.
Baldghoti's ghost is lightly damaged.
Baldghoti's ghost hits you!
You die...
Your body crumbles into a pile of gold.

#..## #.
#..# #. #..#
#. #..# #.
####..# ..
#..(..# #.
#.###g# #.#
#W# #.# #@#
#.# #.# #.#
#.# ##.###.#
##...##.#
##.###.#.#
.########.##
##..#
..........#
#..#
#####.###.##
##.##


You could see baldghoti's ghost and a hobgoblin.

Vanquished Creatures
  Jessica (D:2)
  3 worms (D:2)
  4 bats
  3 giant cockroaches
  4 goblins
  3 hobgoblins
  3 frilled lizards
  7 kobolds
  5 rats (D:1)
33 creatures vanquished.

Notes
Turn   | Place    | Note
-------+----------+-------------------------------------------
     0 | D:1      | LORDOFBUTT the Octopode Assassin began the quest for the Orb.
     0 | D:1      | Reached XP level 1. HP: 14/14 MP: 1/1
   257 | D:1      | Reached XP level 2. HP: 19/19 MP: 2/2
   283 | D:1      | Reached skill level 6 in Stealth
   796 | D:2      | Noticed Jessica
   800 | D:2      | Killed Jessica
   800 | D:2      | Reached skill level 7 in Stealth
   800 | D:2      | Reached XP level 3. HP: 24/24 MP: 3/3
  1033 | D:2      | Found an opulent altar of Gozag.
  1213 | D:2      | Found an ancient bone altar of Kikubaaqudgha.
  1281 | D:2      | Reached XP level 4. HP: 28/29 MP: 4/4
  1322 | D:2      | Became a worshipper of Gozag Ym Sagoz the Greedy
  1762 | D:3      | Noticed baldghoti's ghost (amateur MiBe)
  1813 | D:3      | Slain by baldghoti's ghost

Skill      XL: |  1  2 |
---------------+-------+-----
Stealth        | 7 |  7.7
Fighting       | |  2.0
Short Blades   | |  2.0
Throwing       | |  2.0
Dodging        | |  1.0

Action                   |  1- 3 |  4- 6 || total
-------------------------+-------+-------++-------
Melee: Dagger            |    42 |    16 ||    58
       Constrict         |     8 |     2 ||    10
       Tentacles         |     7 |     2 ||     9
Invok: Potion Petition   |       |     1 ||     1
 Stab: Sleeping          |    11 |     4 ||    15
  Eat: Bread ration      |       |     1 ||     1
Armor: Skin              |     2 |       ||     2
Dodge: Dodged            |    16 |     5 ||    21
